 Dungeon Crawl Stone Soup version 0.16.0-16-g311141a (webtiles) character file.

44 HungrySpirit the Ruffian (level 3, -2/30 HPs)
             Began as a Formicid Monk on Mar 19, 2015.
             Slain by Crazy Yiuf
             ... wielding a +4 quarterstaff of chaos
              (4 damage)
             ... on level 2 of the Dungeon.
             The game lasted 00:02:30 (2144 turns).

HungrySpirit the Ruffian (Formicid Monk)            Turns: 2144, Time: 00:02:30

Health: -2/30      AC:  2    Str: 16    XL:     3   Next: 87%
Magic:  4/4        EV: 13    Int:  9    God:
Gold:   96         SH:  0    Dex: 13    Spells: 0 memorised, 2 levels left

rFire  . . .     SeeInvis +     k - +0 dagger
rCold  . . .     Clarity  .     a - +0 robe
rNeg   . . .     SustAb   .     (no shield)
rPois  .         Gourm    .     (helmet unavailable)
rElec  .         Spirit   .     (no cloak)
rCorr  .         Warding  .     (no gloves)
rMut   .         Stasis   +     (no boots)
MR     .....                    (no amulet)
Stlth  ++........               (no ring)
                                (no ring)

@: not resistant to hostile enchantments, unstealthy
A: permanent stasis, dig shafts and tunnels, four strong arms, antennae 3
a: Dig, Shaft Self


You were on level 2 of the Dungeon.
You were hungry.

You visited 1 branch of the dungeon, and saw 2 of its levels.

You collected 96 gold pieces.

Inventory:

Hand weapons
 d - a +0 whip
 k - a +0 dagger (weapon)
Armour
 a - a +0 robe (worn)
Jewellery
 i - an uncursed ring of protection from cold {unknown}
Scrolls
 e - 2 scrolls of remove curse {unknown}
 f - a scroll of enchant weapon {unknown}
 g - a scroll of identify {unknown}
 j - 2 scrolls of fear {unknown}
 l - a scroll of amnesia {unknown}
 m - a scroll of teleportation {unknown}
Potions
 c - a potion of might {unknown}
 h - a potion of haste {unknown}
Comestibles
 b - 2 bread rations


   Skills:
 + Level 3.9 Fighting
 * Level 1.2 Short Blades
 - Level 1.2 Maces & Flails
 + Level 3.0 Dodging
 - Level 2.4 Stealth
 - Level 4.0 Unarmed Combat


You had 2 spell levels left.
You didn't know any spells.

Dungeon Overview and Level Annotations

Branches:
Dungeon (2/15)

Altars:

Annotations:
D:2 Crazy Yiuf


Innate Abilities, Weirdness & Mutations

You are under a permanent stasis effect.
You can dig through walls and to a lower floor.
Your four strong arms can wield two-handed weapons with a shield.
You have a pair of large antennae on your head (SInv).


Message History

Found two hammers.
You see here a hammer.
You see here a hammer.
You see here a hammer.
Found a hammer.
Crazy Yiuf the Enlightened comes into view.
He is wielding a quarterstaff of chaos.
Crazy Yiuf shouts!
Crazy Yiuf moves out of view.
You barely miss Crazy Yiuf.
Crazy Yiuf whimpers, "Mountain verde mobile!"
Crazy Yiuf hits you with a quarterstaff of chaos!
Crazy Yiuf burns you.
You hit Crazy Yiuf but do no damage. You hit Crazy Yiuf but do no damage.
Crazy Yiuf hits you with a quarterstaff of chaos!
Ouch! That really hurt!
* * * LOW HITPOINT WARNING * * *
You hit Crazy Yiuf but do no damage.
Crazy Yiuf hits you with a quarterstaff of chaos.
You die...

#########.####)...##########.)#
....#####..# #.)..# #.##.....#
###.#.#....# ♣.)).♣ #.##.##.##
#.........# ♣...♣♣ #.##.##.#
#..#.#.#### ♣♣.♣♣ #.##.##.####
#..#.#.# ♣.♣♣ #..#.##.....
#..###.#### ♣♣.♣ #..........#
#.......(.# ♣.♣♣ #....#####.#
#.####.#### ♣♣@♣ #........#
#.####.#### #g# #....###.#
#.##......# ... ####.# #.#
##.##.#.#..# #...# ..# #.#
...##.#.#..# #..)# #### #.#
#####.#.#..# ##### #######.#
#.#....# #....†..# #.###..####
### #.####### #.# #####'#
#.###.##


You could see Crazy Yiuf.

Vanquished Creatures
  2 adders (D:2)
  A giant gecko (D:2)
  An ooze (D:1)
  3 giant cockroaches
  3 goblins
  3 hobgoblins (D:1)
  2 kobolds
  4 giant newts
  4 jackals (D:1)
  5 rats
28 creatures vanquished.

Notes
Turn   | Place    | Note
--------------------------------------------------------------
     0 | D:1      | HungrySpirit, the Formicid Monk, began the quest for the Orb.
     0 | D:1      | Reached XP level 1. HP: 18/18 MP: 1/1
   329 | D:1      | Reached XP level 2. HP: 13/24 MP: 3/3
  1028 | D:1      | Reached skill level 1 in Maces & Flails
  1372 | D:2      | Reached XP level 3. HP: 25/30 MP: 4/4
  1728 | D:2      | Reached skill level 1 in Short Blades
  2138 | D:2      | Noticed Crazy Yiuf
  2144 | D:2      | Slain by Crazy Yiuf

Action                   || total
-------------------------++-------
Melee: Whip              ||    84
       Unarmed           ||     1
       Dagger            ||    30
 Stab: Sleeping          ||     7
  Eat: Chunk             ||     3
